 Dungeon Crawl Stone Soup version 0.31-a0-845-g9abc20d24f (webtiles) character file.

Game seed: 10527631045558140100

109 wvc the Stinger (level 4, -1/36 HPs)
             Began as a Naga Venom Mage on Oct 1, 2023.
             Slain by Grinder (8 damage)
             ... on level 3 of the Dungeon.
             The game lasted 00:06:44 (2543 turns).

wvc the Stinger (Naga Venom Mage)                   Turns: 2543, Time: 00:06:44

Health: -1/36      AC:  2    Str:  9 (11) XL:     4   Next: 90%
Magic:  4/8        EV:  9    Int: 16 (17) God:
Gold:   92         SH:  0    Dex:  9 (11) Spells: 8/9 levels left

rFire   . . .        j - +2 short sword (speed)
rCold   . . .        (no shield)
rNeg    . . .        a - +0 robe
rPois   +            (no helmet)
rElec   .            (no cloak)
rCorr   .            (no gloves)
SInv    +            (no barding)
Will    .....        (no amulet)
Stlth   ++           (no ring)
HPRegen 0.26/turn    (no ring)
MPRegen 0.11/turn

%: no passive effects
@: very slightly contaminated, very slow
A: AC +1, large, see invisible, deformed body, poison resistance, slowness 2,
spit poison 1, naga tail 1
a: Spit Poison


You were on level 3 of the Dungeon.
You visited 1 branch of the dungeon, and saw 4 of its levels.

You collected 92 gold pieces.

Inventory:

Hand Weapons
 d - a +0 dagger
 j - a +2 short sword of speed (weapon)
Armour
 a - a +0 robe (worn)
Scrolls
 e - 2 scrolls of identify
 g - 2 scrolls of blinking {unknown}
 h - a scroll of butterflies
 i - a scroll of noise {unknown}
 m - a scroll of immolation {unknown}
 n - a scroll of torment {unknown}
Potions
 b - a potion of magic
 c - 2 potions of might
 f - a potion of mutation {unknown}


   Skills:
 - Level 1.5 Dodging
 - Level 3.0 Stealth
 + Level 3.1 Spellcasting
 + Level 2.3 Transmutations
 + Level 5.4 Poison Magic


You had 8 spell levels left.
You knew the following spells:

 Your Spells              Type           Power      Damage    Failure   Level
a - Sting                 Tmut/Pois      60%        1d6       3%          1

Your spell library contained the following spells:

 Spells                   Type           Power      Damage    Failure   Level
 Poisonous Vapours        Pois/Air       22%        N/A       9%          2
 Olgreb's Toxic Radiance  Pois           20%        N/A       19%         4
 Mephitic Cloud           Conj/Pois/Air  8%         N/A       26%         3


Dungeon Overview and Level Annotations

Branches:
Dungeon (4/15)
 Temple: D:4-7

Altars:
Makhleb

Shops:
D:2 [

Annotations:
D:2 Sigmund
D:3 Grinder


Innate Abilities, Weirdness & Mutations

Your serpentine skin is tough. (AC +1)
You have supernaturally acute eyesight. (SInv)
Armour fits poorly on your strangely shaped body.
Your system is resistant to poisons. (rPois)
You cover ground very slowly.
You can spit poison.
You have a snake-like lower body.


Message History

The sting hits Grinder but does no damage.
Grinder is poisoned.
Grinder is lightly wounded.
Grinder hits you.
You writhe in agony.
Casting: Sting (safe; 3% risk of failure)
Confirm with . or Enter, or press ? or * to list all spells.
Aiming: Sting (safe; 3% risk of failure)
Press: ? - help, Shift-Dir - straight line, f/p - Grinder
Aim: Grinder (lightly wounded, poisoned, 71% to hit)
The sting misses Grinder.
Grinder hits you!
You writhe in agony.
Unknown command.
Unknown command.
Unknown command.
You hit Grinder.
Grinder is lightly wounded.
You hit Grinder.
Grinder is moderately wounded.
Grinder gestures at you. You resist with significant effort.
You closely miss Grinder.
Grinder is moderately wounded.
Grinder hits you!
You writhe in agony.
* * * LOW HITPOINT WARNING * * *
Casting: Sting (safe; 3% risk of failure)
Confirm with . or Enter, or press ? or * to list all spells.
Aiming: Sting (safe; 3% risk of failure)
Press: ? - help, Shift-Dir - straight line, f/p - Grinder
Aim: Grinder (moderately wounded, poisoned, 71% to hit)
You miscast Sting.
You are very lightly contaminated with residual magic.
Nothing appears to happen.
You have got your breath back.
Grinder closely misses you.
You hit Grinder.
Grinder is heavily wounded.
You hit Grinder but do no damage.
Grinder is heavily wounded.
Grinder looks more healthy.
Grinder hits you!
You die...
Grinder says, "Now the real fun starts!"

.?.# .#...
.... #.. ##
##.####...
#.......#
#####.......#.
#.............
#.###.@5K#..
###.######.#
#...#....#<#
#.###.##.#.#
#.....##.#.#
###.####.#.#
#....# #.#.#
###### #...#
#####


You could see Grinder and a kobold.

Vanquished Creatures
  An orc wizard (D:3)
  3 adders (D:2)
  4 dart slugs
  4 orcs (D:3)
  2 bats
  4 endoplasms
  3 giant cockroaches
  2 goblins (D:1)
  5 hobgoblins
  5 kobolds
  3 quokkas
  A ball python (D:1)
  2 frilled lizards
  8 rats
47 creatures vanquished.

Notes
Turn   | Place    | Note
-------+----------+-------------------------------------------
     0 | D:1      | wvc the Naga Venom Mage began the quest for the Orb.
     0 | D:1      | Reached XP level 1. HP: 15/15 MP: 3/3
   136 | D:1      | Reached XP level 2. HP: 12/22 MP: 1/5
   632 | D:1      | Reached XP level 3. HP: 27/28 MP: 3/6
  1010 | D:2      | Reached skill level 5 in Poison Magic
  1146 | D:2      | Noticed Sigmund
  1209 | D:2      | Found Tush's Antique Armour Boutique.
  1254 | D:2      | Reached XP level 4. HP: 21/36 MP: 3/8
  1910 | D:3      | Found a burning altar of Makhleb.
  2532 | D:3      | Noticed Grinder
  2543 | D:3      | Slain by Grinder

Illustrated notes

Levels and vault maps discovered:
D:1:      roderic_dead_forest, layout_loops_cross
D:2:      layout_basic, serial_shops, nicolae_shop_back_alley_shop,
          hex_intersection, uniq_sigmund
D:3:      layout_basic, bloody_makhleb, jmf_multi_god_temple, uniq_grinder
D:4:      layout_cave_pools, chequers_arboretum

Skill      XL: |  1  2  3  4 |
---------------+-------------+-----
Poison Magic   | 5 |  5.4
Transmutations | 2 |  2.3
Spellcasting   | 3 |  3.1
Dodging        | |  1.5
Stealth        | |  3.0

Action                     |  1- 3 |  4- 6 || total
---------------------------+-------+-------++-------
  Melee: Dagger            |    35 |       ||    35
         Unarmed           |     4 |       ||     4
         Short sword       |     3 |    50 ||    53
   Cast: Sting             |    41 |    15 ||    56
Ability: Spit Poison       |     2 |     4 ||     6
    Use: Potion            |       |     6 ||     6
         Scroll            |       |     2 ||     2
   Stab: Sleeping          |     1 |     5 ||     6
 Armour: Robe              |    39 |    48 ||    87
  Dodge: Dodged            |    26 |    39 ||    65

Table legend: (Time is in decaauts)
 A = Elapsed time spent in this place.
 B = Non-inter-level travel time spent in this place.
 C = Inter-level travel time spent in this place.
 D = Time resting spent in this place.
 E = Time spent auto-exploring this place.
 F = Levels seen in this place.
 G = Mean time per level.
                   A        B        C        D        E       F      G
               +--------+--------+--------+--------+--------+-----+--------+
         Total |   3133 |   2974 |    159 |    380 |   2130 |   4 |  783.2 |
       Dungeon |   3133 |   2974 |    159 |    380 |   2130 |   4 |  783.2 |
               +--------+--------+--------+--------+--------+-----+--------+

Top non-repeatable levels by time:
     D:2: 1318 daAuts
     D:1: 1134 daAuts
     D:3: 482 daAuts
     D:4: 197 daAuts
